 Dungeon Crawl Stone Soup version 0.28-a0-1435-g82390b3a13 (webtiles) character file.

Game seed: 6584274813390029578

581 shadowrider38 the Charlatan (level 7, -3/70 HPs)
             Began as a Troll Artificer on Jan 9, 2022.
             Slain by a gnoll sergeant (11 damage)
             ... on level 4 of the Dungeon.
             The game lasted 00:13:49 (4047 turns).

shadowrider38 the Charlatan (Troll Artificer)       Turns: 4047, Time: 00:13:50

Health: -3/70      AC:  5    Str: 27    XL:     7   Next: 14%
Magic:  6/6        EV: 14    Int:  7    God:
Gold:   113        SH:  5    Dex: 10    Spells: 6/6 levels left

rFire   + . .      SeeInvis +   a - +0 club
rCold   . . .      Faith    .   (no shield)
rNeg    . . .      Spirit   .   t - +1 robe of Nicieg {rF+ Regen+ rCorr Str+4}
rPois   .          Reflect  +   (helmet restricted)
rElec   .          Harm     .   (no cloak)
rCorr   +          Rampage  .   (gloves unavailable)
Will    .....                   (boots unavailable)
Stlth   +.........              f - amulet of reflection
HPRegen 1.81/turn               g - ring of see invisible
MPRegen 0.10/turn               k - +4 ring of evasion

@: no status effects
A: large, unfitting armour, claws 3, regeneration 1, shaggy fur 1, tough skin 1
a: no special abilities


You were on level 4 of the Dungeon.
You visited 1 branch of the dungeon, and saw 5 of its levels.

You collected 113 gold pieces.

Inventory:

Hand Weapons
 a - a +0 club (weapon)
 r - a +0 scimitar
 v - a +2 dagger of draining
 w - a +0 giant club
 y - a +0 flail
Missiles
 m - a throwing net
 o - 88 stones (quivered)
Armour
 t - the +1 robe of Nicieg (worn) {rF+ Regen+ rCorr Str+4}
   (You found it on level 3 of the Dungeon)

   Str:       It affects your strength (+4).
   rF:        It protects you from fire.
   Regen:     It increases your rate of health regeneration.
   rCorr:     It protects you from acid and corrosion.
Jewellery
 f - an amulet of reflection (around neck)
 g - a ring of see invisible (left claw)
 k - a +4 ring of evasion (right claw)
Wands
 c - a wand of flame (11)
 d - a wand of charming (15)
Scrolls
 i - a scroll of teleportation
 j - a scroll of silence {unknown}
 l - a scroll of amnesia {unknown}
 n - a scroll of brand weapon
 s - a scroll of enchant armour
 u - a scroll of fog {unknown}
 x - a scroll of enchant weapon {unknown}
Potions
 b - a potion of berserk rage
 h - 2 potions of curing
 p - a potion of lignification
 q - 2 potions of flight
Miscellaneous
 e - a piece from Xom's chessboard (15/15)


   Skills:
 - Level 4.0 Fighting
 + Level 3.8 Dodging
 - Level 0.3 Stealth
 - Level 4.0 Evocations


You had 6 spell levels left.
You didn't know any spells.
Your spell library was empty.

Dungeon Overview and Level Annotations

Branches:
Dungeon (5/15)
 Temple: D:4-7

Altars:
Elyvilon
Hepliaklqana

Annotations:
D:3 1 runed translucent door, 2 transporters, exclusion: 3 downstairs, Crazy Yiuf; pigah's ghost, amateur OpWn
D:4 Dowan; Duvessa; Robin


Innate Abilities, Weirdness & Mutations

You are too large for most types of armour.
You have claws for hands.
Your natural rate of healing is unusually fast.
You are covered in fur. (AC +1)
You have tough skin. (AC +1)


Message History

You climb upwards.
Level annotation: Dowan; Duvessa; Robin You feel sick.
There is a stone staircase leading down here.
You hit the gnoll sergeant but do no damage.
The gnoll sergeant is heavily wounded.
You feel sick.
The gnoll sergeant hits you with a +0 trident!
You barely miss the gnoll sergeant.
The gnoll sergeant is heavily wounded.
You feel sick.
The gnoll sergeant hits you with a +0 trident.
You hit the gnoll sergeant.
The gnoll sergeant is severely wounded.
You feel sick.
The gnoll sergeant hits you with a +0 trident.
The gnoll sergeant hits you with a +0 trident!
* * * LOW HITPOINT WARNING * * *
You barely miss the gnoll sergeant.
The gnoll sergeant is severely wounded.
You feel sick.
You are no longer poisoned.
The gnoll sergeant hits you with a +0 trident.
* * * LOW HITPOINT WARNING * * *
You barely miss the gnoll sergeant.
The gnoll sergeant is severely wounded.
The gnoll sergeant closely misses you.
Aiming: Throw Flame
Press: ? - help, Shift-Dir - straight line, f - gnoll sergeant
Aim: a gnoll sergeant, wielding a +0 trident and wearing a +0 ring mail (severely wounded, 79% to hit)
The puff of flame hits the gnoll sergeant.
The gnoll sergeant is almost dead.
The gnoll sergeant hits you with a +0 trident.
* * * LOW HITPOINT WARNING * * *
You barely miss the gnoll sergeant.
The gnoll sergeant is almost dead.
The gnoll sergeant hits you with a +0 trident!
* * * LOW HITPOINT WARNING * * *
The gnoll sergeant hits you with a +0 trident!
You die...

#. ........... ...
... #........
#...#.# ...#.......
....#.. ##......##
.......
#.##.....###.......
#......####........
#....##..........#
#........).g.....#
#..........@....#
#...............#
#..........##.###
#######.#### ## ###


You could see a gnoll sergeant.

Vanquished Creatures
  An ogre (D:5)
  2 phantoms (D:5)
  An orc priest (D:3)
  A hound (D:5)
  3 orc wizards
  Natasha (thrice) (D:3)
  3 gnolls (D:2)
  3 adders
  A shadow imp (D:3)
  A worm (D:2)
  A dart slug (D:3)
  11 orcs
  8 ball pythons
  3 bats
  An endoplasm (D:1)
  5 giant cockroaches
  7 goblins
  5 hobgoblins
  5 kobolds
  2 quokkas
  2 frilled lizards
  3 rats
72 creatures vanquished.

Vanquished Creatures (others)
  2 plants (D:3)
2 creatures vanquished.

Grand Total: 74 creatures vanquished

Notes
Turn   | Place    | Note
-------+----------+-------------------------------------------
     0 | D:1      | shadowrider38 the Troll Artificer began the quest for the
                  | Orb.
     0 | D:1      | Reached XP level 1. HP: 18/18 MP: 0/0
    70 | D:1      | Reached skill level 1 in Fighting
   164 | D:1      | Found a faded altar of an unknown god.
   243 | D:1      | Reached XP level 2. HP: 27/27 MP: 1/1
  1039 | D:2      | Reached XP level 3. HP: 31/35 MP: 2/2
  1134 | D:2      | HP: 1/35 [gnoll (4)]
  1641 | D:2      | Reached XP level 4. HP: 42/42 MP: 3/3
  2035 | D:3      | Reached XP level 5. HP: 27/52 MP: 4/4
  2107 | D:3      | Noticed Natasha
  2205 | D:3      | Found a runed translucent door.
  2218 | D:3      | Identified the +1 robe of Nicieg {rF+ Regen+ rCorr Str+4}
  2307 | D:3      | Killed Natasha
  2358 | D:3      | Noticed Natasha
  2602 | D:3      | Killed Natasha
  2665 | D:3      | Noticed Natasha
  2678 | D:3      | Killed Natasha
  2737 | D:3      | Found a white marble altar of Elyvilon.
  2827 | D:3      | Found a hazy altar of Hepliaklqana.
  2912 | D:3      | Found a transporter.
  2916 | D:3      | Found a transporter.
  2916 | D:3      | Noticed pigah's ghost (amateur OpWn)
  3229 | D:3      | Noticed Crazy Yiuf
  3490 | D:4      | Noticed Robin
  3527 | D:4      | Noticed Duvessa
  3527 | D:4      | Noticed Dowan
  3568 | D:5      | Entered Level 5 of the Dungeon
  3592 | D:5      | Reached XP level 6. HP: 61/61 MP: 5/5
  3955 | D:5      | Reached XP level 7. HP: 70/70 MP: 6/6
  4047 | D:4      | Slain by a gnoll sergeant

Illustrated notes

Levels and vault maps discovered:
D:1:      wander_arrival_desolate, layout_rooms, basic_ecumenical_altar,
          minmay_pentomino_v2
D:2:      layout_loops_cross
D:3:      layout_loops_ring, nicolae_elyvilon_temple_path,
          mainiacjoe_overflow_alcove_1, gammafunk_ghost_arena,
          uniq_crazy_yiuf_cottage, uniq_natasha
D:4:      layout_cave_pools, grunt_gozag_breadcrumbs,
          nicolae_wu_jian_glorious_leap, uniq_duvessa, uniq_robin
D:5:      layout_basic, uniq_edmund, uniq_ijyb

Skill      XL: |  1  2  3  4  5  6 |
---------------+-------------------+-----
Fighting       | 1 2 3 4 |  4.0
Evocations     | 3 4 |  4.0
Dodging        | 3 |  3.8
Stealth        | |  0.3

Action                   |  1- 3 |  4- 6 |  7- 9 || total
-------------------------+-------+-------+-------++-------
Melee: Club              |    32 |       |    16 ||    48
       Punch             |     2 |     3 |       ||     5
       Scimitar          |    81 |    36 |       ||   117
       Dagger            |       |    98 |       ||    98
       Flail             |       |    33 |    18 ||    51
       Giant club        |       |    16 |       ||    16
Throw: Stone             |       |    15 |       ||    15
Evoke: Wand              |     2 |     1 |     1 ||     4
  Use: Scroll            |       |     7 |       ||     7
 Stab: Sleeping          |       |     1 |       ||     1
Armor: Robe              |    63 |    42 |     8 ||   113
Dodge: Dodged            |    59 |   102 |    24 ||   185
Block: Other             |       |    21 |    13 ||    34

Table legend: (Time is in decaauts)
 A = Elapsed time spent in this place.
 B = Non-inter-level travel time spent in this place.
 C = Inter-level travel time spent in this place.
 D = Time resting spent in this place.
 E = Time spent auto-exploring this place.
 F = Levels seen in this place.
 G = Mean time per level.
                   A        B        C        D        E       F      G
               +--------+--------+--------+--------+--------+-----+--------+
         Total |   4153 |   3719 |    434 |    957 |   1632 |   5 |  830.6 |
       Dungeon |   4153 |   3719 |    434 |    957 |   1632 |   5 |  830.6 |
               +--------+--------+--------+--------+--------+-----+--------+

Top non-repeatable levels by time:
     D:2: 1493 daAuts
     D:3: 1338 daAuts
     D:1: 786 daAuts
     D:5: 463 daAuts
     D:4: 72 daAuts
